 Dungeon Crawl Stone Soup version 0.21-a0-538-gd16b88a (webtiles) character file.

3845 tidbits the Magician (level 10, -2/73 HPs)
             Began as a Gnoll Earth Elementalist on Dec 15, 2017.
             Was a Believer of Cheibriados.
             Slain by a two-headed ogre
             ... wielding a +0 giant club
              (18 damage)
             ... on level 9 of the Dungeon.
             The game lasted 00:18:18 (2127 turns).

tidbits the Magician (Gnoll Earth Elementalist)     Turns: 2127, Time: 00:18:18

Health: -2/73      AC:  8    Str: 16    XL:     10   Next: 18%
Magic:  0/20       EV: 18    Int: 25    God:    Cheibriados [**....]
Gold:   331        SH:  0    Dex: 24    Spells: 8/23 levels left

rFire    . . .     SeeInvis .   H - +1 whip (elec)
rCold    + . .     Gourm    .   (no shield)
rNeg     . . .     Faith    .   B - +0 troll leather armour
rPois    .         Spirit   .   E - +2 hat
rElec    .         Reflect  .   (no cloak)
rCorr    .         Harm     .   u - +0 pair of fencer's gloves {+Riposte Dex+3}
MR       .....                  (no boots)
Stlth    +++++.....             y - amulet of regeneration
HPRegen  1.02/turn              m - ring of protection from cold
MPRegen  0.17/turn              r - ring of stealth

@: very slow
A: distributed training, fangs 1, strong nose
a: Bend Time, Renounce Religion


You were on level 9 of the Dungeon.
You worshipped Cheibriados.
Cheibriados was pleased with you.
You were hungry.

You visited 2 branches of the dungeon, and saw 10 of its levels.
You also visited: Ossuary.

You collected 331 gold pieces.

Inventory:

Hand Weapons
 a - a +2 quarterstaff of protection
   (You found it on level 2 of the Dungeon)
 f - a +0 dagger
 g - a +0 short sword
 l - a +0 longbow
 H - a +1 whip of electrocution (weapon)
   (You took it off an orc on level 6 of the Dungeon)
 J - a +1 whip of venom
   (You took it off an orc on level 7 of the Dungeon)
 R - a +3 scimitar
Missiles
 z - 16 arrows
 G - 2 javelins (quivered)
Armour
 c - a +0 robe
 u - the +0 pair of fencer's gloves (worn) {+Riposte Dex+3}
   (You found it on level 4 of the Dungeon)

   It affects your dexterity (+3).
 v - a cursed +0 plate armour
 x - a +0 helmet
 B - a +0 troll leather armour (worn)
 C - a cursed +0 pair of gloves
 E - a +2 hat (worn)
Magical Staves
 t - an uncursed staff of air
   (You found it on level 4 of the Dungeon)
 T - an uncursed staff of poison
   (You found it on level 5 of the Dungeon)
Jewellery
 m - a ring of protection from cold (left hand)
   (You found it on level 2 of the Dungeon)
 o - an uncursed ring of teleportation
   (You found it on level 2 of the Dungeon)
 r - a ring of stealth (right hand)
   (You found it on level 3 of the Dungeon)
 y - an amulet of regeneration (around neck)
   (You found it on level 3 of the Dungeon)
Wands
 F - a wand of scattershot (5)
 Q - a wand of flame (18)
 S - a wand of iceblast (8)
Scrolls
 b - 3 scrolls of teleportation {unknown}
 n - a scroll of random uselessness
 p - 4 scrolls of remove curse
 s - 2 scrolls of enchant weapon {unknown}
 w - a scroll of fog {unknown}
 A - 2 scrolls of magic mapping
 I - 2 scrolls of amnesia {unknown}
 U - a scroll of vulnerability {unknown}
Potions
 h - 3 potions of agility
 i - 4 potions of might {unknown}
 k - 2 potions of lignification
 q - a potion of ambrosia
 K - 4 potions of heal wounds {unknown}
 L - a potion of berserk rage {unknown}
 M - a potion of invisibility {unknown}
 N - a potion of flight
 P - a potion of brilliance {unknown}
Books
 e - a book of Geomancy

   Spells                             Type                      Level
   a - Sandblast                      Earth                        1
   b - Passwall                       Transmutation/Earth          2
   c - Stone Arrow                    Conjuration/Earth            3
   d - Petrify                        Transmutation/Earth          4
   e - Lee's Rapid Deconstruction     Earth                        5
Comestibles
 d - 6 bread rations
 j - 3 fruits
 D - 4 meat rations


   Skills:
 + Level 4.9 Fighting
 + Level 4.9 Short Blades
 + Level 4.9 Long Blades
 + Level 4.9 Axes
 + Level 4.9 Maces & Flails
 + Level 4.9 Polearms
 + Level 4.9 Staves
 + Level 4.9 Slings
 + Level 4.9 Bows
 + Level 4.9 Crossbows
 + Level 4.9 Throwing
 + Level 4.9 Armour
 + Level 6.8 Dodging
 + Level 6.5 Stealth
 + Level 4.9 Shields
 + Level 4.9 Unarmed Combat
 + Level 7.1 Spellcasting
 + Level 4.1 Conjurations
 + Level 4.1 Hexes
 + Level 4.1 Charms
 + Level 4.1 Summonings
 + Level 4.1 Necromancy
 + Level 4.1 Translocations
 + Level 4.6 Transmutations
 + Level 4.1 Fire Magic
 + Level 4.1 Ice Magic
 + Level 4.1 Air Magic
 + Level 6.9 Earth Magic
 + Level 4.1 Poison Magic
 + Level 5.4 Invocations
 + Level 4.9 Evocations


You had 8 spell levels left.
You knew the following spells:

 Your Spells              Type           Power        Failure   Level  Hunger
a - Sandblast             Erth           #####.       1%          1    None
p - Petrify               Tmut/Erth      #####...     7%          4    ###....
t - Stone Arrow           Conj/Erth      #####.       2%          3    None
w - Passwall              Tmut/Erth      #####.....   1%          2    None
D - Lee's Rapid Deconstr  Erth           #####.....   12%         5    #####..


Dungeon Overview and Level Annotations

Branches:
Dungeon (9/15)             Temple (1/1) D:6
   Lair: D:8-11         Orc: D:9-12

Altars:
Ashenzari
Cheibriados
Elyvilon
Fedhas
Hepliaklqana
Makhleb
Okawaru
Qazlal
Ru
Sif Muna
Trog
Uskayaw
Yredelemnul
Zin
The Shining One
Lugonu


Innate Abilities, Weirdness & Mutations

Your experience applies equally to all skills.
You have very sharp teeth.
Your uncanny sense of smell can sniff out nearby items.


Message History

Aim: a troll (severely wounded)
The stone arrow misses the troll.
You feel sick. The adder bites you but does no damage. The troll bites you!
* * * LOW HITPOINT WARNING * * *
The troll completely misses you. The troll claws you!
* * * LOW HITPOINT WARNING * * *
The adder misses you.
You riposte.
You slash the adder! You bite the adder, but do no damage.
The adder is heavily wounded.
You feel better. The adder completely misses you.
The troll bites you but does no damage. The troll claws you but does no damage.
The troll misses you. The adder barely misses you. The adder bites you.
* * * LOW HITPOINT WARNING * * *
You are poisoned.
The adder poisons you!
You hit the adder.
You kill the adder!
Cheibriados appreciates the change of pace.
You feel sick.
Casting: Stone Arrow
Confirm with . or Enter, or press ? or * to list all spells.
Aiming: Stone Arrow
Press: ? - help, Shift-Dir - straight line, f/p - troll
Aim: a troll (severely wounded)
The stone arrow hits the troll.
You kill the troll!
Cheibriados thoroughly appreciates the change of pace.
The troll leather armour is intact enough to wear.
Things that are here:
a +0 troll leather armour; a troll corpse; an adder corpse
b - a +0 troll leather armour Wear which item? (? for menu, Esc to quit)
You start removing your armour.
You continue taking off your +0 robe.
You feel sick.
You continue taking off your +0 robe. x3
You finish taking off your +0 robe.
You start putting on your armour.
You continue putting on your +0 troll leather armour. x3
You feel sick.
You continue putting on your +0 troll leather armour. x2
You finish putting on your +0 troll leather armour.
Adjust (i)tems, (s)pells, or (a)bilities?
Adjust which item? (? for menu, Esc to quit)
b - a +0 troll leather armour (worn)
Adjust to which letter? (? for menu, Esc to quit)
B - a +0 troll leather armour (worn);
b - 3 scrolls labeled UFOMIK TUTYWORCH You feel sick.
You are no longer poisoned.
You open the door.
There is an open door here.
A bullfrog comes into view.
A two-headed ogre comes into view.
It is wielding a giant club and an enchanted great mace.
Unknown command.
Throwing (i - inventory):
G - 4 javelins (quivered)
Press: ? - help, Shift-Dir - straight line, f - bullfrog
Aim: a bullfrog (resting)
You throw a javelin. The javelin hits the bullfrog!
The bullfrog croaks.
The bullfrog is moderately wounded.
You hear a shout!
Throwing (i - inventory):
G - 3 javelins (quivered)
Press: ? - help, Shift-Dir - straight line, f/p - bullfrog
Aim: a bullfrog (moderately wounded)
You throw a javelin. The two-headed ogre shouts in stereo!
The javelin hits the bullfrog!
The bullfrog is severely wounded.
The bullfrog barely misses you.
You riposte.
You closely miss the bullfrog.
The bullfrog is severely wounded.
You hit the bullfrog.
You kill the bullfrog!
Cheibriados appreciates the change of pace.
A crimson imp comes into view.
Casting: Stone Arrow
Confirm with . or Enter, or press ? or * to list all spells.
Aiming: Stone Arrow
Press: ? - help, Shift-Dir - straight line, f - two-headed ogre
Aim: a two-headed ogre, wielding a giant club and an enchanted great mace The stone arrow hits the two-headed ogre.
The two-headed ogre is lightly wounded.
Casting: Stone Arrow
Confirm with . or Enter, or press ? or * to list all spells.
Aiming: Stone Arrow
Press: ? - help, Shift-Dir - straight line, f/p - two-headed ogre
Aim: a two-headed ogre, wielding a giant club and an enchanted great mace (lightly wounded)
The stone arrow hits the two-headed ogre.
The two-headed ogre is heavily wounded.
The flow of time bends around you.
Cheibriados rebukes the two-headed ogre.
The two-headed ogre seems to slow down.
You are feeling hungry.
Wield which item (- for none, * to show all)? (? for menu, Esc to quit)
You hear the crackle of electricity.
H - a +1 whip of electrocution (weapon)
The two-headed ogre hits you with a giant club!!
* * * LOW HITPOINT WARNING * * *
The two-headed ogre hits you with an enchanted great mace!!
You die...

#...#...#...#...#...#..#.#
#.#..............†...._#.#
#.###...#...#...#...#..###
#.# ...................#
#.# ####################
#.########.# ###.
#.#.....##.# .(...
#†#.....##.#(.....
#>......'.@O..5...
###.....####.#.... #.....#
# # #.....# #.....#
#.....# #.....# #######


You could see a two-headed ogre and a crimson imp.

Vanquished Creatures
  2 two-headed ogres
  Pikel (D:8)
  A troll (D:9)
  A hippogriff (D:9)
  2 sky beasts (D:9)
  An ogre (D:4)
  2 bullfrogs
  A gnoll sergeant (D:5)
  A wyvern zombie (D:8)
  4 water moccasin zombies (Ossuary)
  4 killer bees (D:4)
  3 wights (D:7)
  3 crimson imps
  2 hounds
  4 orc wizards
  3 iguanas (D:4)
  2 worker ants (D:4)
  2 big kobold zombies (Ossuary)
  2 mummies (Ossuary)
  4 gnolls (D:5)
  8 adders
  2 shadow imps
  An ooze (D:2)
  6 adder zombies
  An adder skeleton (D:5)
  3 worms
  A dart slug (D:3)
  3 leopard geckos
  9 orcs
  3 ball pythons
  7 bats
  5 giant cockroaches
  4 gnoll zombies (Ossuary)
  3 goblins
  5 hobgoblins
  9 jackals
  7 kobolds
  A quokka (D:2)
  2 frilled lizards
  2 hobgoblin zombies (Ossuary)
  6 kobold zombies
  4 orc zombies (Ossuary)
  A quokka skeleton (D:4)
  6 rats
144 creatures vanquished.

Vanquished Creatures (others)
  A crimson imp (D:8)
  A giant cockroach (D:8)
2 creatures vanquished.

Grand Total: 146 creatures vanquished

Notes
Turn   | Place    | Note
-------+----------+-------------------------------------------
     0 | D:1      | tidbits the Gnoll Earth Elementalist began the quest for the Orb.
     0 | D:1      | Reached XP level 1. HP: 13/13 MP: 6/6
    62 | D:1      | Reached skill level 2 in Transmutations
   103 | D:1      | Reached XP level 2. HP: 19/19 MP: 4/7
   110 | D:1      | Learned a level 2 spell: Passwall
   176 | D:2      | Noticed a bullfrog
   183 | D:2      | Killed a bullfrog
   183 | D:2      | Reached skill level 1 in Fighting
   183 | D:2      | Reached skill level 1 in Short Blades
   183 | D:2      | Reached skill level 1 in Long Blades
   183 | D:2      | Reached skill level 1 in Axes
   183 | D:2      | Reached skill level 1 in Maces & Flails
   183 | D:2      | Reached skill level 1 in Polearms
   183 | D:2      | Reached skill level 1 in Staves
   183 | D:2      | Reached skill level 1 in Slings
   183 | D:2      | Reached skill level 1 in Bows
   183 | D:2      | Reached skill level 1 in Crossbows
   183 | D:2      | Reached skill level 1 in Throwing
   183 | D:2      | Reached skill level 1 in Armour
   183 | D:2      | Reached skill level 1 in Shields
   183 | D:2      | Reached skill level 1 in Unarmed Combat
   183 | D:2      | Reached skill level 5 in Spellcasting
   183 | D:2      | Reached skill level 1 in Invocations
   183 | D:2      | Reached skill level 1 in Evocations
   183 | D:2      | Reached XP level 3. HP: 11/26 MP: 0/9
   183 | D:2      | Reached XP level 4. HP: 14/32 MP: 0/11
   317 | D:2      | Reached skill level 1 in Conjurations
   317 | D:2      | Reached skill level 1 in Hexes
   317 | D:2      | Reached skill level 1 in Charms
   317 | D:2      | Reached skill level 1 in Summonings
   317 | D:2      | Reached skill level 1 in Necromancy
   317 | D:2      | Reached skill level 1 in Translocations
   317 | D:2      | Reached skill level 1 in Fire Magic
   317 | D:2      | Reached skill level 1 in Ice Magic
   317 | D:2      | Reached skill level 1 in Air Magic
   317 | D:2      | Reached skill level 1 in Poison Magic
   483 | D:3      | Reached XP level 5. HP: 24/37 MP: 8/12
   575 | D:4      | Found the +0 pair of fencer's gloves {+Riposte Dex+3}
   581 | D:4      | Reached XP level 6. HP: 31/44 MP: 7/13
   583 | D:4      | Reached skill level 2 in Invocations
   585 | D:4      | Reached skill level 5 in Dodging
   659 | D:3      | Reached skill level 2 in Fighting
   659 | D:3      | Reached skill level 2 in Short Blades
   659 | D:3      | Reached skill level 2 in Long Blades
   659 | D:3      | Reached skill level 2 in Axes
   659 | D:3      | Reached skill level 2 in Maces & Flails
   659 | D:3      | Reached skill level 2 in Polearms
   659 | D:3      | Reached skill level 2 in Staves
   659 | D:3      | Reached skill level 2 in Slings
   659 | D:3      | Reached skill level 2 in Bows
   659 | D:3      | Reached skill level 2 in Crossbows
   659 | D:3      | Reached skill level 2 in Throwing
   659 | D:3      | Reached skill level 2 in Armour
   659 | D:3      | Reached skill level 2 in Shields
   659 | D:3      | Reached skill level 2 in Unarmed Combat
   659 | D:3      | Reached skill level 2 in Evocations
   858 | D:4      | Reached XP level 7. HP: 36/50 MP: 13/15
   969 | D:5      | Entered Level 5 of the Dungeon
   988 | D:5      | Reached skill level 2 in Conjurations
   988 | D:5      | Reached skill level 2 in Hexes
   988 | D:5      | Reached skill level 2 in Charms
   988 | D:5      | Reached skill level 2 in Summonings
   988 | D:5      | Reached skill level 2 in Necromancy
   988 | D:5      | Reached skill level 2 in Translocations
   988 | D:5      | Reached skill level 2 in Fire Magic
   988 | D:5      | Reached skill level 2 in Ice Magic
   988 | D:5      | Reached skill level 2 in Air Magic
   988 | D:5      | Reached skill level 2 in Poison Magic
  1004 | D:5      | Noticed a two-headed ogre
  1012 | D:5      | Killed a two-headed ogre
  1012 | D:5      | Reached skill level 3 in Fighting
  1012 | D:5      | Reached skill level 3 in Short Blades
  1012 | D:5      | Reached skill level 3 in Long Blades
  1012 | D:5      | Reached skill level 3 in Axes
  1012 | D:5      | Reached skill level 3 in Maces & Flails
  1012 | D:5      | Reached skill level 3 in Polearms
  1012 | D:5      | Reached skill level 3 in Staves
  1012 | D:5      | Reached skill level 3 in Slings
  1012 | D:5      | Reached skill level 3 in Bows
  1012 | D:5      | Reached skill level 3 in Crossbows
  1012 | D:5      | Reached skill level 3 in Throwing
  1012 | D:5      | Reached skill level 3 in Armour
  1012 | D:5      | Reached skill level 5 in Stealth
  1012 | D:5      | Reached skill level 3 in Shields
  1012 | D:5      | Reached skill level 3 in Unarmed Combat
  1012 | D:5      | Reached skill level 6 in Spellcasting
  1012 | D:5      | Reached skill level 3 in Transmutations
  1012 | D:5      | Reached skill level 6 in Earth Magic
  1012 | D:5      | Reached skill level 3 in Invocations
  1012 | D:5      | Reached skill level 3 in Evocations
  1012 | D:5      | Reached XP level 8. HP: 51/58 MP: 7/17
  1028 | D:5      | Found a burning altar of Makhleb.
  1029 | D:5      | Found an iron altar of Okawaru.
  1029 | D:5      | Found a sacrificial altar of Ru.
  1049 | D:5      | Found a shattered altar of Ashenzari.
  1058 | D:5      | Found a white marble altar of Elyvilon.
  1058 | D:5      | Found a hazy altar of Hepliaklqana.
  1058 | D:5      | Found a deep blue altar of Sif Muna.
  1059 | D:5      | Found a stormy altar of Qazlal.
  1176 | D:6      | Found a staircase to the Ecumenical Temple.
  1188 | Temple   | Entered the Ecumenical Temple
  1205 | Temple   | Became a worshipper of Cheibriados the Contemplative
  1409 | D:5      | Found a sand-covered staircase.
  1418 | Ossuary  | Entered an ossuary
  1474 | Ossuary  | Reached * piety under Cheibriados
  1481 | Ossuary  | Learned a level 5 spell: Lee's Rapid Deconstruction
  1520 | Ossuary  | Reached skill level 4 in Invocations
  1526 | Ossuary  | Reached skill level 3 in Conjurations
  1526 | Ossuary  | Reached skill level 3 in Hexes
  1526 | Ossuary  | Reached skill level 3 in Charms
  1526 | Ossuary  | Reached skill level 3 in Summonings
  1526 | Ossuary  | Reached skill level 3 in Necromancy
  1526 | Ossuary  | Reached skill level 3 in Translocations
  1526 | Ossuary  | Reached skill level 3 in Fire Magic
  1526 | Ossuary  | Reached skill level 3 in Ice Magic
  1526 | Ossuary  | Reached skill level 3 in Air Magic
  1526 | Ossuary  | Reached skill level 3 in Poison Magic
  1564 | Ossuary  | Reached skill level 6 in Dodging
  1564 | Ossuary  | Reached XP level 9. HP: 62/65 MP: 18/18
  1620 | Ossuary  | Learned a level 3 spell: Stone Arrow
  1625 | Ossuary  | Learned a level 4 spell: Petrify
  1762 | D:7      | Reached ** piety under Cheibriados
  1879 | D:7      | Reached skill level 4 in Fighting
  1879 | D:7      | Reached skill level 4 in Short Blades
  1879 | D:7      | Reached skill level 4 in Long Blades
  1879 | D:7      | Reached skill level 4 in Axes
  1879 | D:7      | Reached skill level 4 in Maces & Flails
  1879 | D:7      | Reached skill level 4 in Polearms
  1879 | D:7      | Reached skill level 4 in Staves
  1879 | D:7      | Reached skill level 4 in Slings
  1879 | D:7      | Reached skill level 4 in Bows
  1879 | D:7      | Reached skill level 4 in Crossbows
  1879 | D:7      | Reached skill level 4 in Throwing
  1879 | D:7      | Reached skill level 4 in Armour
  1879 | D:7      | Reached skill level 4 in Shields
  1879 | D:7      | Reached skill level 4 in Unarmed Combat
  1879 | D:7      | Reached skill level 4 in Transmutations
  1879 | D:7      | Reached skill level 4 in Evocations
  1912 | D:8      | Noticed Pikel
  1920 | D:8      | Killed Pikel
  1920 | D:8      | Reached skill level 6 in Stealth
  1978 | D:8      | Noticed a two-headed ogre
  1986 | D:8      | Killed a two-headed ogre
  1986 | D:8      | Reached skill level 5 in Invocations
  2011 | D:9      | Found a bloodstained altar of Trog.
  2023 | D:9      | Reached XP level 10. HP: 70/73 MP: 16/20
  2035 | D:9      | Reached skill level 7 in Spellcasting
  2065 | D:9      | Reached skill level 4 in Conjurations
  2065 | D:9      | Reached skill level 4 in Hexes
  2065 | D:9      | Reached skill level 4 in Charms
  2065 | D:9      | Reached skill level 4 in Summonings
  2065 | D:9      | Reached skill level 4 in Necromancy
  2065 | D:9      | Reached skill level 4 in Translocations
  2065 | D:9      | Reached skill level 4 in Fire Magic
  2065 | D:9      | Reached skill level 4 in Ice Magic
  2065 | D:9      | Reached skill level 4 in Air Magic
  2065 | D:9      | Reached skill level 4 in Poison Magic
  2093 | D:9      | HP: 7/73 [troll (10)]
  2120 | D:9      | Noticed a two-headed ogre
  2127 | D:9      | Slain by a two-headed ogre

Vault maps used:
D:1:      minmay_arrival_three_doors
D:2:      wad_river_or_something, first_bread
D:3:      lemuel_zombie_altar_kikubaaqudgha
D:4:      lemuel_doored_altar, uniq_eustachio
D:5:      grunt_temple_overflow_open, enter_ossuary_3, grunt_ministairs_11
D:6:      grunt_temple_overflow_opulence, minmay_temple_entry_mist,
          roderic_lattice_a
D:7:      nicolae_dithmenos_through_a_glass_darkly, grunt_ogre_cave,
          led_sif_pool
D:8:      minmay_misc_feat_cross, st_stairs_13, uniq_maurice, uniq_pikel,
          uniq_erica
D:9:      cheibrodos_two_vegetables, vehumet_statue,
          lemuel_coloured_pillars_altar, kennysheep_mini
Temple:   corrupted_temple
Ossuary:  ossuary_tomb_2

Skill      XL: |  1  2  3  4  5  6  7  8  9 10 |
---------------+-------------------------------+-----
Transmutations | 2 3 4 |  4.6
Fighting       | 1 2 3 4 |  4.9
Short Blades   | 1 2 3 4 |  4.9
Long Blades    | 1 2 3 4 |  4.9
Axes           | 1 2 3 4 |  4.9
Maces & Flails | 1 2 3 4 |  4.9
Polearms       | 1 2 3 4 |  4.9
Staves         | 1 2 3 4 |  4.9
Slings         | 1 2 3 4 |  4.9
Bows           | 1 2 3 4 |  4.9
Crossbows      | 1 2 3 4 |  4.9
Throwing       | 1 2 3 4 |  4.9
Armour         | 1 2 3 4 |  4.9
Shields        | 1 2 3 4 |  4.9
Unarmed Combat | 1 2 3 4 |  4.9
Spellcasting   | 5 6 7 |  7.1
Invocations    | 1 2 3 4 5 |  5.4
Evocations     | 1 2 3 4 |  4.9
Conjurations   | 1 2 3 4 |  4.1
Hexes          | 1 2 3 4 |  4.1
Charms         | 1 2 3 4 |  4.1
Summonings     | 1 2 3 4 |  4.1
Necromancy     | 1 2 3 4 |  4.1
Translocations | 1 2 3 4 |  4.1
Fire Magic     | 1 2 3 4 |  4.1
Ice Magic      | 1 2 3 4 |  4.1
Air Magic      | 1 2 3 4 |  4.1
Poison Magic   | 1 2 3 4 |  4.1
Dodging        | 5 6 |  6.8
Stealth        | 5 6 |  6.5
Earth Magic    | 6 |  6.9

Action                   |  1- 3 |  4- 6 |  7- 9 | 10-12 || total
-------------------------+-------+-------+-------+-------++-------
Melee: Quarterstaff      |       |    65 |    11 |       ||    76
       Short sword       |       |     8 |       |       ||     8
       Bite              |       |     6 |    33 |     9 ||    48
       Whip              |       |       |   142 |     9 ||   151
       Punch             |       |       |     5 |     1 ||     6
       Scimitar          |       |       |       |    13 ||    13
       Dagger            |       |       |       |     1 ||     1
Throw: Javelin           |       |       |       |     2 ||     2
 Cast: Sandblast         |    15 |    40 |    62 |     3 ||   120
       Passwall          |       |     7 |     6 |     1 ||    14
       Stone Arrow       |       |       |     1 |     8 ||     9
Invok: Bend Time         |       |       |       |     1 ||     1
  Use: Scroll            |       |     5 |     6 |       ||    11
       Potion            |       |       |       |     1 ||     1
 Stab: Sleeping          |       |     8 |    11 |     1 ||    20
  Eat: Chunk             |       |       |     1 |       ||     1
       Royal jelly       |       |       |     1 |       ||     1
Armor: Robe              |     1 |    26 |    17 |    12 ||    56
Dodge: Dodged            |     8 |   103 |   131 |    31 ||   273
       Rpst.: Quarterstaff |       |     7 |     6 |       ||    13
       Whip              |       |       |    32 |     2 ||    34
       Scimitar          |       |       |       |     4 ||     4

Table legend:
 A = Spawn XP
 B = Non-spawn XP
 C = Spawn XP percentage of total XP
 D = Spawn monster count
 E = Non-spawn monster count
 F = Spawn count percentage of total count
 G = Total turns spent on level
                    A         B        C        D         E        F      G
               +---------+---------+-------+---------+---------+-------+---------
         Total |       0 |    5493 |   0.0 |       0 |     144 |   0.0 |  2127
               +---------+---------+-------+---------+---------+-------+---------
           D:1 |       0 |      12 |   0.0 |       0 |       7 |   0.0 |   149
           D:2 |       0 |     163 |   0.0 |       0 |      25 |   0.0 |   391
           D:3 |       0 |      53 |   0.0 |       0 |      21 |   0.0 |   200
           D:4 |       0 |     619 |   0.0 |       0 |      19 |   0.0 |   251
           D:5 |       0 |    1250 |   0.0 |       0 |      16 |   0.0 |   376
           D:6 |       0 |      92 |   0.0 |       0 |       7 |   0.0 |   147
           D:7 |       0 |     268 |   0.0 |       0 |       9 |   0.0 |   141
           D:8 |       0 |    1602 |   0.0 |       0 |       4 |   0.0 |   104
           D:9 |       0 |     977 |   0.0 |       0 |       8 |   0.0 |   126
       Ossuary |       0 |     457 |   0.0 |       0 |      28 |   0.0 |   208
               +---------+---------+-------+---------+---------+-------+---------

Table legend:
 A = Turns spent in this place as a percentage of turns spent in the entire game.
 B = Non-inter-level travel turns spent in this place as a percentage of non-inter-level travel turns spent in the entire game.
 C = Inter-level travel turns spent in this place as a percentage of turns spent in this place.
 D = Turns resting spent in this place as a percentage of non-inter-level travel turns spent in this place.
 E = Turns spent auto-exploring this place as a percentage of non-inter-level travel turns spent in this place.
 F = Non-inter-level travel turns spent in this place divided by the number of levels of this place that you've seen.
                   A       B       C       D       E      F
               +-------+-------+-------+-------+-------+----------------------
         Total | 100.0 | 100.0 |   0.7 |   0.0 |   0.0 | 192.0
       Dungeon |  88.6 |  89.3 |   0.0 |   0.0 |   0.0 | 209.4
        Temple |   1.6 |   0.9 |  44.1 |   0.0 |   0.0 |  19.0
       Ossuary |   9.8 |   9.8 |   0.0 |   0.0 |   0.0 | 208.0
               +-------+-------+-------+-------+-------+----------------------

Table legend:
 A = Kills in this place as a percentage of kills in entire the game.
 B = Kills by you in this place as a percentage of kills by you in the entire game.
 C = Kills by friends in this place as a percentage of kills by friends in the entire game.
 D = Other kills in this place as a percentage of other kills in the entire game.
 E = Experience gained in this place as a percentage of experience gained in the entire game.
 F = Experience gained in this place divided by the number of levels of this place that you have seen.
                   A       B       C       D       E      F
               +-------+-------+-------+-------+-------+----------------------
         Total | 100.0 | 100.0 |   N/A |   N/A | 100.0 | 499.4
       Dungeon |  80.6 |  80.6 |   N/A |   N/A |  91.7 | 559.6
       Ossuary |  19.4 |  19.4 |   N/A |   N/A |   8.3 | 457.0
               +-------+-------+-------+-------+-------+----------------------

Vault maps used:
D:1:      minmay_arrival_three_doors
D:2:      wad_river_or_something, first_bread
D:3:      lemuel_zombie_altar_kikubaaqudgha
D:4:      lemuel_doored_altar, uniq_eustachio
D:5:      grunt_temple_overflow_open, enter_ossuary_3, grunt_ministairs_11
D:6:      grunt_temple_overflow_opulence, minmay_temple_entry_mist,
          roderic_lattice_a
D:7:      nicolae_dithmenos_through_a_glass_darkly, grunt_ogre_cave,
          led_sif_pool
D:8:      minmay_misc_feat_cross, st_stairs_13, uniq_maurice, uniq_pikel,
          uniq_erica
D:9:      cheibrodos_two_vegetables, vehumet_statue,
          lemuel_coloured_pillars_altar, kennysheep_mini
Temple:   corrupted_temple
Ossuary:  ossuary_tomb_2
